 Dungeon Crawl Stone Soup version 0.32-a0-893-gf85d74f360 (webtiles) character file.

Game seed: 6373593857695741964

3812 redmage the Blocker (level 10, -4/82 HPs)
             Began as a Gnoll Fighter on Apr 3, 2024.
             Was a Priest of Beogh.
             Slain by an orc warrior
             ... wielding a +0 broad axe
              (13 damage)
             ... in a bailey.
             The game lasted 00:25:09 (5966 turns).

redmage the Blocker (Gnoll Fighter)                 Turns: 5966, Time: 00:25:11

Health: -4/82      AC: 20    Str: 19    XL:     10   Next: 17%
Magic:  17/17      EV:  8    Int:  9    God:    Beogh [***...]
Gold:   228        SH:  5    Dex: 11    Spells: 19/19 levels left

rFire   + . .        e - +3 demon trident (vamp)
rCold   + . .        c - +0 buckler
rNeg    . . .        w - +3 chain mail
rPois   +            (no helmet)
rElec   +            z - +0 cloak of Siwkittuu {Rampage}
rCorr   +            s - +0 pair of gloves
SInv    .            (no boots)
Will    +....        (no amulet) Stlth
                     m - ring of willpower
HPRegen 0.33/turn    v - +4 ring of protection
MPRegen 0.15/turn

%: rampage
@: mighty, resistant
A: fangs 1, strong nose, distributed training
a: Renounce Religion, Smiting


You were in a bailey.
You worshipped Beogh.
Beogh was most pleased with you.
You visited 1 branch of the dungeon, and saw 9 of its levels.
You also visited: Bailey.

You collected 498 gold pieces.
You spent 270 gold pieces at shops.

Inventory:

Hand Weapons
 a - a +5 war axe of freezing
 e - a +3 vampiric demon trident (weapon)
 g - the +8 short sword "Killer Bee's Doom" {freeze, *Rage rElec Dex+4}
   (You found it on level 2 of the Dungeon)

   Dex+4:     It affects your dexterity (+4).
   rElec:     It insulates you from electricity.
   *Rage:     It berserks you when you make melee attacks (+20% chance).
 k - a +2 long sword of electrocution
 t - the +10 dagger "Jilo" {holy, rElec rC+ Will++ Int-5 Dex+3}
   (You found it on level 9 of the Dungeon)

   Int-5:     It affects your intelligence (-5).
   Dex+3:     It affects your dexterity (+3).
   rC+:       It protects you from cold.
   rElec:     It insulates you from electricity.
   Will++:    It greatly increases your willpower.
 u - a +4 long sword of electrocution
Missiles
 h - 11 boomerangs (quivered)
Armour
 c - a +0 buckler (worn)
 p - a +1 leather armour of cold resistance
 s - a +0 pair of gloves (worn)
 w - a +3 chain mail (worn)
 y - the +2 robe of Romuo {rElec Regen+ Dex-2 Archmagi}
   (You found it on level 5 of the Dungeon)

   Dex-2:     It affects your dexterity (-2).
   rElec:     It insulates you from electricity.
   Regen+:    It increases your rate of health regeneration.
   Archmagi:  It increases the power of your magical spells.
 z - the +0 cloak of Siwkittuu (worn) {Rampage}
   (You bought it in a shop on level 3 of the Dungeon)

   Rampage:   It bestows one free step when moving towards enemies.
Jewellery
 m - a ring of willpower (left hand)
 v - a +4 ring of protection (right hand)
Talismans
 i - a blade talisman
Wands
 f - a wand of polymorph (7)
 o - a wand of roots (9)
 A - a wand of mindburst (15)
 D - a wand of charming (13)
Scrolls
 j - a scroll of vulnerability {unknown}
 l - a scroll of fog {unknown}
 q - a scroll of torment {unknown}
 r - a scroll of immolation {unknown}
 B - 2 scrolls of fear
 E - a scroll of poison {unknown}
 I - a scroll of amnesia
 J - a scroll of noise {unknown}
Potions
 b - a potion of curing
 d - a potion of might
 n - a potion of ambrosia
 x - a potion of magic
 C - a potion of heal wounds {unknown}
 F - a potion of resistance
 G - a potion of berserk rage {unknown}
 H - 2 potions of mutation {unknown}


   Skills:
 + Level 8.5 Fighting
 + Level 5.2 Short Blades
 + Level 5.2 Long Blades
 + Level 7.0 Axes
 + Level 5.2 Maces & Flails
 + Level 5.2 Polearms
 + Level 5.2 Staves
 + Level 5.2 Ranged Weapons
 + Level 5.2 Throwing
 + Level 8.5 Armour
 + Level 5.2 Dodging
 + Level 5.2 Stealth
 + Level 8.5 Shields
 + Level 5.2 Unarmed Combat
 + Level 5.2 Spellcasting
 + Level 4.3 Conjurations
 + Level 4.3 Hexes
 + Level 4.3 Summonings
 + Level 4.3 Necromancy
 + Level 4.3 Translocations
 + Level 4.3 Fire Magic
 + Level 4.3 Ice Magic
 + Level 4.3 Air Magic
 + Level 4.3 Earth Magic
 + Level 4.3 Alchemy
 + Level 5.7 Invocations
 + Level 5.2 Evocations
 + Level 4.7 Shapeshifting


You had 19 spell levels left.
You didn't know any spells.
Your spell library contained the following spells:

 Spells                   Type           Power      Damage    Failure   Level
 Ensorcelled Hibernation  Hex/Ice        20%        N/A       43%         2
 Lesser Beckoning         Tloc           20%        N/A       43%         2
 Maxwell's Portable Pile  Tloc           10%        2d(6-16)  67%         3
 Passwall                 Erth           10%        N/A       67%         3
 Swiftness                Air            10%        N/A       67%         3
 Teleport Other           Tloc           10%        N/A       67%         3


Dungeon Overview and Level Annotations

Branches:
Dungeon (9/15)             Temple (0/1) D:7          Bailey (1/1)
   Lair: D:8-11         Orc: D:9-12

Altars:
Dithmenos
Fedhas
Hepliaklqana
Kikubaaqudgha
Sif Muna
Xom
Zin
The Shining One

Shops:
D:1 :   D:3 [   D:5 !   D:8 =

Annotations:
D:8 Amaemon, Maggie


Innate Abilities, Weirdness & Mutations

Your facial features look somewhat orcish.
You have very sharp teeth.
Your uncanny sense of smell can sniff out nearby items.
Your experience applies equally to all skills.


Message History

You block the orc sorcerer's attack.
The orc warrior hits you but does no damage.
You hit the orc sorcerer but do no damage.
The orc sorcerer is lightly wounded.
The orc sorcerer hits you but does no damage.
The orc warrior closely misses you.
Unknown command.
You hit the orc sorcerer but do no damage.
The orc sorcerer is lightly wounded.
The orc sorcerer gestures at you while chanting.
You suddenly lose the ability to move!
The orc warrior hits you with a +0 broad axe!
* * * LOW HITPOINT WARNING * * *
The orc sorcerer barely misses you.
The orc warrior hits you but does no damage.
The orc sorcerer hits you but does no damage.
The orc warrior hits you but does no damage.
The orc sorcerer hits you but does no damage.
The orc warrior hits you with a +0 broad axe.
* * * LOW HITPOINT WARNING * * *
You can move again.
Unknown command.
You feel better. You block the orc sorcerer's attack.
The orc warrior hits you with a +0 broad axe!
* * * LOW HITPOINT WARNING * * *
You feel very mighty all of a sudden.
The orc sorcerer hits you but does no damage.
You block the orc warrior's attack.
You barely miss the orc sorcerer.
The orc sorcerer hits you with a +0 war axe.
* * * LOW HITPOINT WARNING * * *
You block the orc warrior's attack.
You puncture the orc sorcerer!
You feel better.
The orc sorcerer is moderately wounded.
The orc sorcerer points at you and mumbles some strange words.
The bolt of fire hits you! You resist.
* * * LOW HITPOINT WARNING * * *
The orc warrior hits you with a +0 broad axe!
You die...
Beogh appreciates the orc warrior's killing of a heretic priest.

#..#∆∆ #...# #..#
#..#∆∆ #.4.# ∆∆#..#
#..# #ßoß# #.)# #..#
#.o.# #.)#
#)##+###ß.ß###+##)#+#
...#??.#...#.[[#....#
...#??.#...#.[[#....#
#.)######.######o.###
'........∩.....o@.'.#
####~~~~~~~~~~~######
≈≈≈≈≈≈≈≈≈≈≈≈≈≈≈≈≈≈≈
≈≈≈≈≈≈≈≈≈≈≈≈≈≈≈≈≈≈≈≈
≈≈≈≈≈≈≈≈≈≈≈≈≈≈≈≈≈≈≈≈≈
≈≈≈≈≈≈≈≈≈≈≈≈≈≈≈≈≈≈≈≈≈
≈≈≈≈≈≈≈≈≈≈≈≈≈≈≈≈≈≈≈≈≈
#####################


You could see an orc sorcerer and an orc warrior.

Vanquished Creatures
  A kobold demonologist (Bailey)
  A troll (D:9)
  A hornet (D:7)
  A wyvern (D:8)
  A steam dragon (D:7)
  An acid dragon (D:9)
  2 water moccasins
  4 orc warriors (Bailey)
  A black bear (D:6)
  2 ice beasts
  4 phantoms
  A kobold brigand (D:5)
  2 bullfrogs
  A scorpion (D:6)
  8 wights
  3 killer bees (D:9)
  A howler monkey (D:9)
  3 electric eels (Bailey)
  A hound (D:6)
  2 jellies
  A sleepcap (D:6)
  4 iguanas
  Jessica (D:3)
  4 orc wizards
  7 adders
  6 gnolls (Bailey)
  3 shadow imps
  2 ufetubi (D:6)
  2 dart slugs
  A ribbon worm (D:5)
  9 orcs
  10 endoplasms
  7 giant cockroaches
  16 goblins
  14 hobgoblins
  2 jackals (D:4)
  2 quokkas
  A ball python (D:2)
  7 bats
  3 frilled lizards
  6 kobolds
  3 rats (D:1)
152 creatures vanquished.

Vanquished Creatures (others)
  An orc warrior (Bailey)
  5 orcs
  2 goblins (Bailey)
  A hobgoblin (Bailey)
9 creatures vanquished.

Grand Total: 161 creatures vanquished

Notes
Turn   | Place    | Note
-------+----------+-------------------------------------------
     0 | D:1      | redmage the Gnoll Fighter began the quest for the Orb.
     0 | D:1      | Reached XP level 1. HP: 23/23 MP: 1/1
     9 | D:1      | You fall into a shaft and drop 1 floor!
    34 | D:2      | Found a shadowy altar of Dithmenos.
    49 | D:2      | Identified the +8 short sword "Killer Bee's Doom" {freeze,
                  | *Rage rElec Dex+4}
   170 | D:1      | Reached XP level 2. HP: 29/29 MP: 2/2
   282 | D:1      | Noticed a shining eye
   305 | D:1      | Found a faded altar of an unknown god.
   307 | D:1      | Noticed an eye of devastation
   312 | D:1      | Noticed a golden eye
   326 | D:1      | Noticed a glass eye
   354 | D:1      | Found Anogidi's Book Emporium.
   608 | D:2      | Reached XP level 3. HP: 35/35 MP: 2/4
   682 | D:2      | Identified the +7 whip of the Doomed Warrior {vamp, +Blink
                  | rC- Will- Str+6}
   776 | D:2      | Reached skill level 1 in Invocations
   936 | D:3      | Noticed Jessica
   943 | D:3      | Killed Jessica
   944 | D:3      | Reached skill level 1 in Short Blades
   944 | D:3      | Reached skill level 1 in Long Blades
   944 | D:3      | Reached skill level 1 in Maces & Flails
   944 | D:3      | Reached skill level 1 in Polearms
   944 | D:3      | Reached skill level 1 in Staves
   944 | D:3      | Reached skill level 1 in Ranged Weapons
   944 | D:3      | Reached skill level 1 in Throwing
   944 | D:3      | Reached skill level 1 in Dodging
   944 | D:3      | Reached skill level 1 in Stealth
   944 | D:3      | Reached skill level 1 in Unarmed Combat
   944 | D:3      | Reached skill level 1 in Spellcasting
   944 | D:3      | Reached skill level 1 in Evocations
   944 | D:3      | Reached skill level 1 in Shapeshifting
   944 | D:3      | Reached XP level 4. HP: 36/41 MP: 5/5
  1082 | D:3      | Reached skill level 1 in Conjurations
  1082 | D:3      | Reached skill level 1 in Hexes
  1082 | D:3      | Reached skill level 1 in Summonings
  1082 | D:3      | Reached skill level 1 in Necromancy
  1082 | D:3      | Reached skill level 1 in Translocations
  1082 | D:3      | Reached skill level 1 in Fire Magic
  1082 | D:3      | Reached skill level 1 in Ice Magic
  1082 | D:3      | Reached skill level 1 in Air Magic
  1082 | D:3      | Reached skill level 1 in Earth Magic
  1082 | D:3      | Reached skill level 1 in Alchemy
  1122 | D:3      | Found Ankoy's Antique Armour Shop.
  1607 | D:4      | Became a worshipper of Beogh the Shepherd
  1610 | D:4      | Reached XP level 5. HP: 41/47 MP: 5/7
  2153 | D:5      | Entered Level 5 of the Dungeon
  2153 | D:5      | Noticed a phantom
  2160 | D:5      | Killed a phantom
  2161 | D:5      | Reached XP level 6. HP: 50/53 MP: 8/8
  2230 | D:5      | Identified the +2 robe of Romuo {rElec Regen+ Dex-2
                  | Archmagi}
  2298 | D:3      | Bought a distressingly furry cloak for 237 gold pieces
  2298 | D:3      | Identified the +0 cloak of Siwkittuu {Rampage} (You bought
                  | it in a shop on level 3 of the Dungeon)
  2429 | D:5      | Noticed an orc warrior
  2499 | D:4      | Reached * piety under Beogh
  2500 | D:4      | Reached skill level 5 in Axes
  2663 | D:5      | Found Qujyrif's Distillery.
  2668 | D:5      | Bought a potion of lignification for 33 gold pieces
  2847 | D:5      | Found a faded altar of an unknown god.
  2849 | D:5      | Found a hazy altar of Hepliaklqana.
  2856 | D:5      | Reached XP level 7. HP: 50/58 MP: 10/10
  3201 | D:6      | Reached XP level 8. HP: 58/67 MP: 12/12
  3458 | D:6      | Found a glowing silver altar of Zin.
  3923 | D:6      | Identified a scroll of acquirement
  3925 | D:6      | Acquired a +2 vampiric demon trident
  4074 | D:7      | Found a staircase to the Ecumenical Temple.
  4329 | D:7      | Noticed a hornet
  4336 | D:7      | Killed a hornet
  4337 | D:7      | Reached XP level 9. HP: 66/73 MP: 14/14
  4732 | D:8      | Noticed Amaemon
  4786 | D:8      | Found Seelan's Jewellery Shoppe.
  5042 | D:8      | Noticed an orange demon
  5066 | D:8      | Noticed Maggie
  5309 | D:9      | Reached ** piety under Beogh
  5309 | D:9      | Noticed a troll
  5327 | D:9      | Killed a troll
  5351 | D:9      | Identified the +10 dagger "Jilo" {holy, rElec rC+ Will++
                  | Int-5 Dex+3}
  5392 | D:9      | Reached skill level 5 in Invocations
  5428 | D:9      | Found a blossoming altar of Fedhas.
  5434 | D:9      | Found a glowing golden altar of the Shining One.
  5434 | D:9      | Found a shimmering blue altar of Sif Muna.
  5512 | D:9      | Found an ancient bone altar of Kikubaaqudgha.
  5515 | D:9      | Found a shimmering altar of Xom.
  5610 | D:9      | Found a flagged portal.
  5638 | D:9      | Noticed a komodo dragon
  5641 | Bailey   | Entered a bailey
  5738 | Bailey   | Reached skill level 5 in Short Blades
  5738 | Bailey   | Reached skill level 5 in Long Blades
  5738 | Bailey   | Reached skill level 5 in Maces & Flails
  5738 | Bailey   | Reached skill level 5 in Polearms
  5738 | Bailey   | Reached skill level 5 in Staves
  5738 | Bailey   | Reached skill level 5 in Ranged Weapons
  5738 | Bailey   | Reached skill level 5 in Throwing
  5738 | Bailey   | Reached skill level 5 in Dodging
  5738 | Bailey   | Reached skill level 5 in Stealth
  5738 | Bailey   | Reached skill level 5 in Unarmed Combat
  5738 | Bailey   | Reached skill level 5 in Spellcasting
  5738 | Bailey   | Reached skill level 5 in Evocations
  5738 | Bailey   | Reached XP level 10. HP: 79/81 MP: 17/17
  5787 | Bailey   | Noticed a kobold demonologist
  5801 | Bailey   | Noticed a soul eater
  5810 | Bailey   | Killed a kobold demonologist
  5810 | Bailey   | Reached *** piety under Beogh
  5817 | Bailey   | Noticed an orc knight
  5840 | Bailey   | Pacified an orc knight
  5927 | Bailey   | Found an iron altar of Okawaru.
  5927 | Bailey   | Noticed an orc sorcerer
  5959 | Bailey   | Paralysed by an orc sorcerer for 4 turns
  5966 | Bailey   | Slain by an orc warrior

Illustrated notes

Levels and vault maps discovered:
D:1:      beargit_arrival_diablo_church, layout_basic, serial_shops,
          nicolae_shop_hallway_plus, hellmonk_ecumenical_altar_watching_god,
          nicolae_concentric_dashed_squares_wild
D:2:      layout_rooms, basic_altar
D:3:      layout_loops_ring, serial_shops, nicolae_shop_peninsula, uniq_jessica
D:4:      layout_loops_ring
D:5:      layout_basic, beargit_hepliaklqana_dungeon_heroes, serial_shops,
          nicolae_shop_hallway_plus
D:6:      layout_basic, overflow_temple_1_default
D:7:      layout_basic, minmay_temple_entry_sparse_star
D:8:      layout_cave_pools, serial_shops, nicolae_shop_gaudy_bauble,
          ebering_ghost_funeral_grove, uniq_amaemon, uniq_maggie
D:9:      layout_basic, minmay_overflow_temple_star_hex, dpeg_lair_monsters,
          enter_bailey_5, nicolae_zig_zag_zippers, uniq_prince_ribbit1
Bailey:   bailey_axe_of_yendor_kennysheep, bailey

Skill      XL: |  1  2  3  4  5  6  7  8  9 10 |
---------------+-------------------------------+-----
Invocations    | 1 2 3 4 5 |  5.7
Short Blades   | 1 2 3 5 |  5.2
Long Blades    | 1 2 3 5 |  5.2
Maces & Flails | 1 2 3 5 |  5.2
Polearms       | 1 2 3 5 |  5.2
Staves         | 1 2 3 5 |  5.2
Ranged Weapons | 1 2 3 5 |  5.2
Throwing       | 1 2 3 5 |  5.2
Dodging        | 1 2 3 5 |  5.2
Stealth        | 1 2 3 5 |  5.2
Unarmed Combat | 1 2 3 5 |  5.2
Spellcasting   | 1 2 3 5 |  5.2
Evocations     | 1 2 3 5 |  5.2
Shapeshifting  | 1 2 3 4 |  4.7
Conjurations   | 1 2 3 4 |  4.3
Hexes          | 1 2 3 4 |  4.3
Summonings     | 1 2 3 4 |  4.3
Necromancy     | 1 2 3 4 |  4.3
Translocations | 1 2 3 4 |  4.3
Fire Magic     | 1 2 3 4 |  4.3
Ice Magic      | 1 2 3 4 |  4.3
Air Magic      | 1 2 3 4 |  4.3
Earth Magic    | 1 2 3 4 |  4.3
Alchemy        | 1 2 3 4 |  4.3
Axes           | 5 6 7 |  7.0
Fighting       | 7 8 |  8.5
Armour         | 7 8 |  8.5
Shields        | 7 8 |  8.5

Action                     |  1- 3 |  4- 6 |  7- 9 | 10-12 || total
---------------------------+-------+-------+-------+-------++-------
  Melee: Short sword       |    30 |       |       |       ||    30
         War axe           |     8 |       |       |       ||     8
         Bite              |     3 |     1 |    25 |     1 ||    30
         Whip              |    21 |     1 |       |       ||    22
         Long sword        |       |   114 |    69 |       ||   183
         Demon trident     |       |       |   221 |    75 ||   296
  Throw: Boomerang         |       |       |     2 |       ||     2
 Invoke: Convert to Beogh  |       |     1 |       |       ||     1
  Evoke: Wand              |       |       |       |     4 ||     4
    Use: Scroll            |       |     4 |     9 |       ||    13
         Potion            |       |       |     1 |     3 ||     4
 Armour: Plate armour      |    27 |    23 |       |       ||    50
         Scale mail        |     3 |       |       |       ||     3
         Chain mail        |       |    54 |   237 |    65 ||   356
         Skin              |       |       |   108 |       ||   108
  Dodge: Dodged            |    12 |    25 |   123 |    22 ||   182
  Block: Buckler           |     9 |    33 |   104 |    16 ||   162

Table legend: (Time is in decaauts)
 A = Elapsed time spent in this place.
 B = Non-inter-level travel time spent in this place.
 C = Inter-level travel time spent in this place.
 D = Time resting spent in this place.
 E = Time spent auto-exploring this place.
 F = Levels seen in this place.
 G = Mean time per level.
                   A        B        C        D        E       F      G
               +--------+--------+--------+--------+--------+-----+--------+
         Total |   6081 |   5656 |    425 |     43 |   4030 |  10 |  608.1 |
       Dungeon |   5746 |   5321 |    425 |     39 |   4030 |   9 |  638.4 |
        Bailey |    334 |    334 |      0 |      4 |      0 |   1 |  334.0 |
               +--------+--------+--------+--------+--------+-----+--------+

Top non-repeatable levels by time:
     D:6: 1085 daAuts
     D:7: 883 daAuts
     D:3: 778 daAuts
     D:4: 761 daAuts
     D:5: 636 daAuts
     D:9: 556 daAuts
     D:2: 439 daAuts
     D:1: 369 daAuts
  Bailey: 334 daAuts
     D:8: 236 daAuts
